 Dungeon Crawl Stone Soup version bcrawl-1.31.4 (webtiles) character file.

Game seed: 14121626940896323787

342627 Morbidden the Thaumaturge (level 11, -3/94 HPs)
             Began as a Djinni Reaver on June 7, 2021.
             Was an Elder of Vehumet.
             Slain by an eight-headed hydra (14 damage)
             ... on level 9 of the Dungeon.
             The game lasted 00:18:52 (11019 turns).

Morbidden the Thaumaturge (Djinni Reaver)          Turns: 11019, Time: 00:18:52

Health: -3/94      AC:  5    Str: 17    XL:     11   Next: 37%
Magic:  9/26       EV: 13    Int: 21    God:    Vehumet [****..]
Gold:   536        SH:  0    Dex:  9    Spells: 27/33 levels left

rFire    . . .     SeeInvis .   b - +2 short sword (venom)
rCold    . . .     Gourm    .   (no shield)
rNeg     . . .     Faith    .   E - +0 troll leather armour
rPois    .         Spirit   .   l - +0 helmet
rElec    .         Reflect  .   (no cloak)
rCorr    .         Harm     .   (no gloves)
MR       +....     Rnd*Rage +   (boots unavailable)
Stlth    +.........             (no amulet)
HPRegen  0.65/turn              (no ring)
MPRegen  0.20/turn              (no ring)

@: flying, studying Axes
A: never pass out, berserk 2, blink, blurry vision 2, clever 1, sense
surroundings 1, strong 1, wild magic 3, MP-powered wands, floating
a: Blink, Renounce Religion


You were on level 9 of the Dungeon.
You worshipped Vehumet.
Vehumet was greatly pleased with you.
You were not hungry.

You visited 1 branch of the dungeon, and saw 9 of its levels.
You also visited: Sewer.

You collected 536 gold pieces.

Inventory:

Hand Weapons
 a - a +3 scimitar of flaming
 b - a +2 short sword of venom (weapon)
 v - a +2 dagger of holy wrath
 z - a +0 short sword of electrocution
Missiles
 f - 2 throwing nets {=f}
 g - 169 poisoned tomahawks (quivered)
 u - 147 javelins
Armour
 l - a +0 helmet (worn)
 E - a +0 troll leather armour (worn)
Jewellery
 B - an uncursed ring of protection from cold
Wands
 s - a wand of digging (5)
Scrolls
 d - a scroll of immolation
 i - 5 scrolls of identify
 k - a scroll of silence {unknown}
 n - 5 scrolls of remove curse
 o - a scroll of enchant armour
 p - a scroll of amnesia {unknown}
 q - 3 scrolls of teleportation
 r - 6 scrolls of fear {unknown}
 t - 3 scrolls of fog {unknown}
 y - 2 scrolls of blinking {unknown}
 C - 3 scrolls of noise {unknown}
 D - a scroll of magic mapping {unknown}
 G - a scroll of vulnerability {unknown}
Potions
 c - 2 potions of haste
 h - 2 potions of degeneration
 j - a potion of brilliance {unknown}
 m - a potion of invisibility {unknown}
 w - a potion of curing
 x - a potion of flight
 A - a potion of ambrosia
 F - 2 potions of cancellation {unknown}
Comestibles
 e - 18 rations {!d}
 H - 11 chunks of flesh


   Skills:
 * Level 7.8 Fighting
 + Level 2.3(4.6) Short Blades
 * Level 6.9(7.1) Long Blades
 + Level 0.4 Throwing
 + Level 2.8 Armour
 + Level 4.9 Dodging
 + Level 1.5 Stealth
 * Level 11.8 Spellcasting
 * Level 9.7 Conjurations
 + Level 4.1 Ice Magic
 + Level 3.8 Air Magic
 + Level 4.6 Poison Magic


You had 27 spell levels left.
You knew the following spells:

 Your Spells              Type           Power        Failure   Level  Hunger
a - Sting                 Conj/Pois      ####         1%          1    None
b - Throw Icicle          Conj/Ice       ######..     4%          4    None
c - Shock                 Conj/Air       #####        1%          1    None

Your spell library contained the following spells:

 Spells                   Type           Power        Failure   Level  Hunger
 Conjure Flame            Conj/Fire      ######..     3%          3    None
 Iskenderun's Battlesphe  Conj/Chrm      ######..     16%         5    ###....


Dungeon Overview and Level Annotations

Branches:
Dungeon (9/12)             Temple (0/1) D:5            Lair (0/6) D:7
    Orc: D:8-11

Altars:
Elyvilon
Gozag
Sif Muna
Uskayaw
Zin

Shops:
D:5 [

Annotations:
D:7 1 runed door
D:8 3 runed translucent doors, 2 transporters, Bronedek's ghost, novice EnBe


Innate Abilities, Weirdness & Mutations

You never pass out after going berserk.
You often lose your temper in combat.
You can translocate small distances at will.
Scrolls take you longer to read.
Your spells are much harder to cast, but much more powerful.
You expend magic power (3 MP) to strengthen your wands.
Your body floats in the air.
Your mind is acute. (Int +2)
You passively map a small area around you.
Your muscles are strong. (Str +2)


Message History

You fly downwards.
The eight-headed hydra barely misses you. x2
The eight-headed hydra bites you. The eight-headed hydra bites you!
The eight-headed hydra bites you. The eight-headed hydra bites you!
The eight-headed hydra closely misses you.
The eight-headed hydra bites you! The orc barely misses you.
The eight-headed hydra bites you but does no damage.
The eight-headed hydra closely misses you.
The eight-headed hydra bites you.
The eight-headed hydra closely misses you.
The eight-headed hydra bites you. The eight-headed hydra bites you!
The eight-headed hydra bites you but does no damage.
The eight-headed hydra bites you!
* * * LOW HITPOINT WARNING * * *
The orc closely misses you.
There is a stone staircase leading up, spattered with blood here.
The eight-headed hydra bites you!
* * * LOW HITPOINT WARNING * * *
The eight-headed hydra bites you!
You die...

####..##..........#
#..........# #
,....##>......###.#........#
....##.......##..)........#
*............##...#........#
*
...####........#.#........#
, #.......###.#........# ,
#.......# #.#........#
##......o# #.##..######
.......@## #.###.#####
..###..D.# #....÷....# *
,#.. ####.# #....÷.[..# ..
#.# #.........# *#.##o##
#.........#
#.....###.........# ,*
####...##.........# , ,
###D...........# ,
#.............#


You could see an eight-headed hydra and 2 orcs.

Vanquished Creatures
  A centaur warrior (D:8)
  Erica (D:9)
  2 two-headed ogres
  Pikel (D:5)
  2 ugly things
  An elephant (D:7)
  5 trolls
  3 hippogriffs
  Sigmund (D:2)
  2 basilisks (D:7)
  Eustachio (D:5)
  A water moccasin (D:6)
  A sky beast (D:6)
  3 phantoms
  5 ice beasts
  3 centaurs
  6 ogres
  4 bullfrogs
  A big kobold (Sewer)
  A water moccasin skeleton (D:6)
  3 scorpions
  3 killer bees (D:7)
  An electric eel (D:7)
  A howler monkey (D:8)
  8 wights
  2 crimson imps
  3 hounds
  5 orc priests
  2 centaur skeletons
  2 jellies
  8 orc wizards
  An iguana (D:6)
  6 worker ants
  A worker ant zombie (D:3)
  Robin (D:2)
  9 adders
  7 gnolls
  A howler monkey skeleton (D:3)
  3 river rats
  3 shadow imps
  2 oozes (D:3)
  An adder skeleton (D:6)
  4 worms
  A dart slug (D:3)
  3 leopard geckos
  30 orcs
  11 bats
  3 giant cockroaches
  11 goblins
  8 hobgoblins
  8 jackals
  12 kobolds
  5 quokkas
  A ball python (D:1)
  7 frilled lizards
  A quokka skeleton (D:6)
  8 rats
  4 fungi (D:7)
235 creatures vanquished.

Vanquished Creatures (others)
  A plant (D:7)
1 creature vanquished.

Grand Total: 236 creatures vanquished

Notes
Turn   | Place    | Note
-------+----------+-------------------------------------------
     0 | D:1      | Morbidden the Djinni Reaver began the quest for the Orb.
     0 | D:1      | Reached XP level 1. HP: 19/19 MP: 4/4
   148 | D:1      | Reached XP level 2. HP: 25/26 MP: 6/6
   872 | D:2      | Reached * piety under Vehumet
   872 | D:2      | Offered knowledge of Sting by Vehumet.
   893 | D:2      | Learned a level 1 spell: Sting
   986 | D:2      | Reached XP level 3. HP: 33/33 MP: 4/7
   989 | D:2      | Noticed Robin
  1004 | D:2      | Killed Robin
  1380 | D:2      | Noticed Sigmund
  1390 | D:2      | Killed Sigmund
  1391 | D:2      | Reached skill level 4 in Spellcasting
  1391 | D:2      | Reached skill level 1 in Conjurations
  1391 | D:2      | Reached skill level 1 in Poison Magic
  1391 | D:2      | Gained mutation: Your spells are harder to cast, but more
                  | powerful. [Djinni growth]
  1391 | D:2      | Gained mutation: You can translocate small distances at
                  | will. [Djinni growth]
  1391 | D:2      | Reached XP level 4. HP: 40/40 MP: 1/10
  1391 | D:2      | Reached XP level 5. HP: 46/46 MP: 1/11
  1461 | D:2      | Reached ** piety under Vehumet
  1461 | D:2      | Offered knowledge of Shock by Vehumet.
  1846 | D:3      | Learned a level 1 spell: Shock
  2047 | D:3      | Reached skill level 5 in Spellcasting
  2068 | D:3      | Reached XP level 6. HP: 47/52 MP: 8/13
  2345 | D:3      | Noticed a hippogriff
  2357 | D:3      | Killed a hippogriff
  2358 | D:3      | Reached skill level 6 in Spellcasting
  2358 | D:3      | Reached skill level 1 in Air Magic
  2358 | D:3      | Reached XP level 7. HP: 37/60 MP: 7/16
  2633 | D:3      | Offered knowledge of Inner Flame by Vehumet.
  2820 | D:3      | Found a hide-covered altar of Uskayaw.
  2913 | D:3      | Found an opulent altar of Gozag.
  3047 | D:3      | Reached *** piety under Vehumet
  3917 | D:4      | Reached skill level 5 in Fighting
  4126 | D:4      | Gained mutation: Your spells are much harder to cast, but
                  | much more powerful. [Djinni growth]
  4126 | D:4      | Reached XP level 8. HP: 66/68 MP: 13/18
  4197 | D:4      | Offered knowledge of Throw Icicle by Vehumet.
  4203 | D:4      | Learned a level 4 spell: Throw Icicle
  4456 | D:5      | Entered Level 5 of the Dungeon
  4468 | D:5      | Noticed Eustachio
  4473 | D:5      | Killed Eustachio
  4474 | D:5      | Reached skill level 7 in Spellcasting
  4560 | D:5      | Found Cideasch's Armour Boutique.
  4567 | D:5      | Found a glowing drain.
  4600 | Sewer    | Entered a sewer
  4782 | Sewer    | Found a white marble altar of Elyvilon.
  4895 | D:5      | Reached skill level 1 in Ice Magic
  4995 | D:5      | Reached skill level 5 in Conjurations
  5053 | D:5      | Found a staircase to the Ecumenical Temple.
  5087 | D:5      | Found a glowing silver altar of Zin.
  5097 | D:5      | Noticed Pikel
  5132 | D:5      | Killed Pikel
  5133 | D:5      | Reached skill level 8 in Spellcasting
  5288 | D:5      | Reached XP level 9. HP: 74/75 MP: 7/21
  6116 | D:6      | Reached skill level 5 in Long Blades
  6118 | D:6      | Reached **** piety under Vehumet
  6248 | D:6      | Reached skill level 9 in Spellcasting
  6248 | D:6      | Offered knowledge of Conjure Flame by Vehumet.
  6446 | D:6      | Noticed a troll
  6460 | D:6      | Killed a troll
  6461 | D:6      | Reached skill level 1 in Short Blades
  6461 | D:6      | Reached skill level 1 in Stealth
  6684 | D:6      | Got a bloodstained chain mail
  6724 | D:6      | Identified the cursed +1 chain mail "Laumeb" {Dex+3} (You
                  | found it on level 6 of the Dungeon)
  7401 | D:7      | Noticed a troll
  7434 | D:6      | HP: 2/78 [troll (6)]
  7492 | D:6      | Killed a troll
  7702 | D:7      | Reached skill level 10 in Spellcasting
  7742 | D:7      | Reached XP level 10. HP: 84/84 MP: 20/24
  8079 | D:7      | Reached skill level 1 in Armour
  8113 | D:7      | Noticed an elephant
  8113 | D:7      | Found a staircase to the Lair.
  8686 | D:7      | Gained mutation: You have an increased reservoir of magic.
                  | (+10% MP) [potion of mutation]
  8686 | D:7      | Gained mutation: You are occasionally teleported next to
                  | monsters. [potion of mutation]
  8686 | D:7      | Gained mutation: You passively map a small area around you.
                  | [potion of mutation]
  8687 | D:7      | Lost mutation: You have an increased reservoir of magic.
                  | (+10% MP) [potion of mutation]
  8687 | D:7      | Lost mutation: You are occasionally teleported next to
                  | monsters. [potion of mutation]
  8687 | D:7      | Gained mutation: Your mind is acute. (Int +2) [potion of
                  | mutation]
  8687 | D:7      | Gained mutation: Your muscles are strong. (Str +2) [potion
                  | of mutation]
  8699 | D:7      | HP: 4/84 [killer bee (6)]
  8709 | D:7      | Killed an elephant
  9084 | D:7      | Noticed a green ugly thing
  9093 | D:7      | Killed a green ugly thing
  9140 | D:7      | Found a runed door.
  9379 | D:8      | Noticed a red ugly thing
  9384 | D:8      | Killed a red ugly thing
  9571 | D:8      | Noticed a two-headed ogre
  9577 | D:8      | Killed a two-headed ogre
  9578 | D:8      | Reached skill level 11 in Spellcasting
  9811 | D:8      | Found a runed translucent gate.
  9812 | D:8      | Found a runed translucent gate.
  9813 | D:8      | Found a runed translucent gate.
  9814 | D:8      | Noticed Bronedek's ghost (novice EnBe)
  9892 | D:8      | Found a white marble altar of Elyvilon.
  9892 | D:8      | Found a shimmering blue altar of Sif Muna.
  9901 | D:8      | Found a transporter.
  9907 | D:8      | Found a transporter.
  9913 | D:8      | Noticed a centaur warrior
  9924 | D:8      | Killed a centaur warrior
  9925 | D:8      | Reached XP level 11. HP: 26/92 MP: 1/26
 10570 | D:9      | Noticed Erica
 10586 | D:9      | Killed Erica
 10675 | D:9      | Noticed a two-headed ogre
 10681 | D:9      | Killed a two-headed ogre
 10988 | D:9      | Noticed an eight-headed hydra
 11019 | D:9      | Slain by an eight-headed hydra

Skill      XL: |  1  2  3  4  5  6  7  8  9 10 11 |
---------------+----------------------------------+-----
Fighting       | 4 5 6 7 |  7.8
Long Blades    | 4 5 6 |  6.9
Spellcasting   | 4 5 6 8 10 11 | 11.8
Conjurations   | 1 2 3 4 5 7 9 |  9.7
Poison Magic   | 1 2 3 4 |  4.6
Air Magic      | 1 2 3 |  3.8
Dodging        | 4 |  4.9
Ice Magic      | 1 2 3 4 |  4.1
Short Blades   | 2 |  2.3
Stealth        | 1 |  1.5
Armour         | 2 |  2.8
Throwing       | |  0.4

Action                   |  1- 3 |  4- 6 |  7- 9 | 10-12 || total
-------------------------+-------+-------+-------+-------++-------
Melee: Long sword        |    97 |    11 |     4 |       ||   112
       Dagger            |       |    10 |    16 |    85 ||   111
       Short sword       |       |       |    60 |    20 ||    80
Throw: Tomahawk          |       |       |    10 |     7 ||    17
 Cast: Sting             |    44 |    64 |   208 |   135 ||   451
       Shock             |       |    33 |    68 |       ||   101
       Throw Icicle      |       |       |    41 |    89 ||   130
 Abil: Blink             |       |       |       |     8 ||     8
  Use: Scroll            |       |       |     4 |     2 ||     6
       Potion            |       |       |     5 |     6 ||    11
  Eat: Chunk             |     5 |     5 |    24 |    14 ||    48
       Ration            |       |       |       |     1 ||     1
Armor: Steam dragon scal |    41 |     9 |    54 |       ||   104
       Troll leather arm |       |       |       |    52 ||    52
Dodge: Dodged            |    75 |    26 |   124 |    81 ||   306
Block: Other             |       |       |     1 |       ||     1
